 Dungeon Crawl Stone Soup version 0.29-a0-284-gf9362112df (webtiles) character file.

Game seed: 2353576705784259376

5277 yunder69 the Spear-Bearer (level 10, -7/90 HPs)
             Began as a Minotaur Berserker on Mar 26, 2022.
             Was a Follower of Trog.
             Succumbed to Sonja's curare-tipped dart
             ... on level 8 of the Dungeon.
             The game lasted 00:20:23 (12371 turns).

yunder69 the Spear-Bearer (Minotaur Berserker)     Turns: 12371, Time: 00:20:23

Health: -7/90      AC: 13    Str: 21    XL:     10   Next: 36%
Magic:  9/9        EV: 10    Int:  8    God:    Trog [*.....]
Gold:   541        SH:  0    Dex: 17    Spells: 9/9 levels left

rFire   . . .      SeeInvis .   u - +0 trident
rCold   . . .      Faith    .   F - orb {light}
rNeg    . . .      Spirit   .   y - +0 plate armour
rPois   .          Reflect  .   (helmet restricted)
rElec   .          Harm     .   (no cloak)
rCorr   .          Rampage  .   (no gloves)
Will    .....                   (no boots)
Stlth   ..........              (no amulet)
HPRegen 0.25/turn               v - +6 ring of dexterity
MPRegen 0.11/turn               (no ring)

@: lethally poisoned (-7 -> -41), marked, slowed, glowing, very slow
A: horns 2, retaliatory headbutt
a: Renounce Religion, Berserk


You were on level 8 of the Dungeon.
You worshipped Trog.
Trog was aware of your devotion.
You visited 2 branches of the dungeon, and saw 9 of its levels.

You collected 541 gold pieces.

Inventory:

Hand Weapons
 o - a +0 hunting sling
 u - a +0 trident (weapon)
 G - a +0 hand axe
 H - a +3 quarterstaff of chaos
Missiles
 z - 9 boomerangs (quivered)
 A - 4 boomerangs of dispersal
 K - 10 poisoned darts
Armour
 y - a +0 plate armour (worn)
 F - an orb of light (worn)
 L - a +0 troll leather armour
Jewellery
 k - a ring of poison resistance
 v - a +6 ring of dexterity (left hand)
 I - a ring of ice
Wands
 l - a wand of digging (4)
 B - a wand of paralysis (5)
 C - a wand of flame (21)
 D - a wand of charming (5)
 J - a wand of polymorph (7)
Scrolls
 b - a scroll of holy word {unknown}
 d - a scroll of brand weapon {unknown}
 g - 3 scrolls of magic mapping
 h - a scroll of vulnerability {unknown}
 j - 2 scrolls of immolation {unknown}
 m - 8 scrolls of identify {unknown}
 q - a scroll of enchant weapon {unknown}
 s - a scroll of noise {unknown}
 t - a scroll of fear {unknown}
 w - 2 scrolls of teleportation {unknown}
 x - a scroll of enchant armour {unknown}
 M - a scroll of torment {unknown}
Potions
 a - 2 potions of attraction {unknown}
 c - a potion of invisibility {unknown}
 e - a potion of lignification {unknown}
 f - 2 potions of might {unknown}
 i - a potion of ambrosia {unknown}
 n - 4 potions of flight {unknown}
 p - 3 potions of heal wounds {unknown}
 r - 2 potions of haste {unknown}
 E - a potion of curing


   Skills:
 - Level 8.9 Fighting
 - Level 9.1(10.6) Polearms
 + Level 8.7(10.4) Staves
 - Level 8.5 Armour
 - Level 7.7 Dodging


You had 9 spell levels left.
You didn't know any spells.
Your spell library was empty.

Dungeon Overview and Level Annotations

Branches:
Dungeon (8/15)             Temple (0/1) D:7            Lair (1/6) D:8

Altars:
Ashenzari
Fedhas
Hepliaklqana
Sif Muna
Trog
Yredelemnul
Zin

Shops:
D:3 (

Annotations:
Lair:1 Sonja


Innate Abilities, Weirdness & Mutations

You have a pair of horns on your head.
You reflexively headbutt those who attack you in melee.


Message History

You puncture the bullfrog! You headbutt the bullfrog.
You kill the bullfrog!
Trog accepts your kill.
A basilisk comes into view.
Sonja, the Graceful Assassin comes into view.
She is wielding a +3 short sword of draining and quivering curare-tipped darts.
The basilisk gazes at you. You resist with some effort.
A wolf comes into view.
Sonja throws a curare-tipped dart.
The curare-tipped dart hits you.
You are poisoned.
You have difficulty breathing.
You feel yourself slow down.
The cane toad stings you but does no damage.
You recover from your berserk rage.
You feel extremely sick.
Sonja throws a curare-tipped dart.
The curare-tipped dart hits you.
You are more poisoned.
You have difficulty breathing.
You feel as though you will be slow longer.
The cane toad attacks as you move away! The cane toad stings you!
You feel extremely sick.
Sonja throws a curare-tipped dart.
The curare-tipped dart hits you.
You are more poisoned.
You have difficulty breathing.
You feel as though you will be slow longer.
Sonja throws a curare-tipped dart.
The curare-tipped dart hits you.
You are lethally poisoned!
You have difficulty breathing.
You feel as though you will be slow longer.
The cane toad stings you!
A wolf comes into view.
There is a staircase back to the Dungeon here.
* * * LOW HITPOINT WARNING * * *
You feel extremely sick.
The cane toad stings you but does no damage.
Sonja throws a curare-tipped dart.
The curare-tipped dart barely misses you.
The cane toad stings you!
* * * LOW HITPOINT WARNING * * *
You climb upwards.
Welcome back to the Dungeon!
You die...

..#..............≈......#
#.#........≈≈≈...≈.≈..≈.#
............≈≈≈.≈≈......#
.......##...≈≈≈≈≈.≈≈≈≈≈.#####
.>...#.##≈.≈≈≈≈≈≈≈≈≈≈.......#
.....#.##≈≈≈≈≈≈≈≈≈≈≈≈....##.#####
........#≈≈≈≈≈.≈.≈.≈≈≈≈.........#
#####...#≈≈≈≈≈≈F...≈≈≈...........
#...#≈≈≈≈≈≈.@.≈.≈≈≈..##..##.#
#...#≈≈≈≈≈≈....≈≈.≈..<...##.# #
#...#≈≈≈≈≈≈..≈.≈≈≈...##..##.. #
#.....≈≈≈≈.≈...≈≈≈....#..####
#####...#..≈≈≈≈..≈≈≈≈............
...........≈≈.≈≈.≈≈≈≈.....>..####
..........≈..≈≈≈.≈≈≈≈≈.......# ##
............≈≈≈≈.≈≈≈≈≈.......# #.
###.#......≈.≈≈≈.≈.≈≈≈.......# #.


You could see a cane toad.

Vanquished Creatures
  Pikel (D:7)
  A manticore (D:8)
  The ghost of siradein the Skirmisher, a novice DrFi (D:6)
  Maggie (D:7)
  A troll (D:8)
  Prince Ribbit (D:7)
  2 wyverns (D:8)
  Edmund (D:6)
  Duvessa (D:7)
  2 sky beasts
  2 ogres
  4 ice beasts
  4 wolves (D:8)
  2 centaurs
  A lemure (D:7)
  2 kobold brigands (D:8)
  2 scorpions (D:6)
  4 bullfrogs
  A wight (D:8)
  Dowan (D:7)
  3 killer bees (D:7)
  7 electric eels (D:8)
  A howler monkey (D:6)
  2 jellies
  An orc priest (D:8)
  A gnoll shaman (D:6)
  7 hounds
  3 iguanas
  Crazy Yiuf (D:7)
  Jessica (D:2)
  3 orc wizards
  4 gnolls (D:6)
  3 adders
  A white imp (D:5)
  An ufetubus (D:5)
  2 worms (D:3)
  20 orcs
  7 ball pythons
  7 endoplasms
  4 giant cockroaches
  9 goblins
  2 hobgoblins
  4 jackals (D:1)
  3 quokkas
  4 bats
  8 frilled lizards
  10 kobolds
  4 rats
  A spectral orc (D:7)
159 creatures vanquished.

Vanquished Creatures (others)
  A fungus (Lair:1)
1 creature vanquished.

Grand Total: 160 creatures vanquished

Notes
Turn   | Place    | Note
-------+----------+-------------------------------------------
     0 | D:1      | yunder69 the Minotaur Berserker began the quest for the
                  | Orb.
     0 | D:1      | Reached XP level 1. HP: 19/19 MP: 0/0
   138 | D:1      | Found a faded altar of an unknown god.
   295 | D:1      | Reached XP level 2. HP: 19/27 MP: 1/1
   318 | D:1      | Reached skill level 4 in Polearms
   720 | D:1      | Reached XP level 3. HP: 33/33 MP: 2/2
   790 | D:1      | Reached ** piety under Trog
  1269 | D:2      | Noticed Jessica
  1285 | D:2      | Killed Jessica
  1286 | D:2      | Reached XP level 4. HP: 41/41 MP: 3/3
  2212 | D:3      | Found a blossoming altar of Fedhas.
  2245 | D:3      | Noticed an ogre
  2252 | D:3      | Killed an ogre
  2253 | D:3      | Reached XP level 5. HP: 43/47 MP: 4/4
  2428 | D:3      | Found Zeficekk's Weapon Shop.
  2693 | D:4      | Reached skill level 5 in Polearms
  2741 | D:4      | Found a hazy altar of Hepliaklqana.
  3045 | D:4      | Reached skill level 5 in Fighting
  3449 | D:4      | You fall into a shaft and drop 2 floors!
  3449 | D:6      | Found a broken altar of Ashenzari.
  3481 | D:6      | Found a runed translucent gate.
  3481 | D:6      | Found a runed translucent gate.
  3481 | D:6      | Found a runed translucent gate.
  3482 | D:6      | Noticed siradein's ghost (novice DrFi)
  3495 | D:6      | Reached XP level 6. HP: 45/56 MP: 5/5
  3620 | D:5      | Entered Level 5 of the Dungeon
  4774 | D:6      | Noticed an ice beast
  4786 | D:6      | Killed an ice beast
  4787 | D:6      | Reached skill level 5 in Armour
  4787 | D:6      | Reached XP level 7. HP: 62/62 MP: 6/6
  4915 | D:6      | Reached skill level 6 in Polearms
  4979 | D:6      | Found a bloodstained altar of Trog.
  5024 | D:6      | Reached skill level 5 in Dodging
  5172 | D:6      | Found a glowing silver altar of Zin.
  5310 | D:6      | Noticed Edmund
  5330 | D:6      | Killed Edmund
  5331 | D:6      | Reached XP level 8. HP: 65/71 MP: 7/7
  5469 | D:6      | Found a shimmering blue altar of Sif Muna.
  5801 | D:6      | Killed siradein's ghost
  5802 | D:6      | Reached skill level 7 in Polearms
  5931 | D:7      | Noticed Maggie
  5931 | D:7      | Noticed Prince Ribbit
  5945 | D:7      | Killed Maggie
  5952 | D:7      | Killed Prince Ribbit
  6026 | D:7      | Reached skill level 8 in Polearms
  6026 | D:7      | Reached XP level 9. HP: 48/81 MP: 8/8
  6257 | D:7      | Found a staircase to the Ecumenical Temple.
  6278 | D:7      | Noticed Duvessa
  6278 | D:7      | Noticed Dowan
  6288 | D:7      | Killed Duvessa
  6290 | D:7      | Killed Dowan
  6323 | D:7      | Noticed Pikel
  6343 | D:7      | Killed Pikel
  6898 | D:7      | Reached skill level 9 in Polearms
  7149 | D:7      | Found a runed translucent door.
  7150 | D:7      | Noticed Crazy Yiuf
  7178 | D:7      | Found a basalt altar of Yredelemnul.
  7330 | D:7      | Killed Crazy Yiuf
  8149 | D:8      | Reached skill level 5 in Staves
  8300 | D:8      | Reached XP level 10. HP: 70/90 MP: 9/9
  8569 | D:8      | Found a staircase to the Lair.
 11344 | D:8      | Noticed a manticore
 11350 | D:8      | Killed a manticore
 12353 | Lair:1   | Entered Level 1 of the Lair of Beasts
 12363 | Lair:1   | Noticed a cane toad
 12366 | Lair:1   | Noticed Sonja
 12371 | D:8      | Succumbed to Sonja's curare-tipped dart

Illustrated notes

Levels and vault maps discovered:
D:1:      minmay_arrival_widening_spiral_wide, layout_loops_ring,
          shapermc_ecumenical_altar_notcrosses, nrook_mini_vaults,
          minmay_octomino_e4
D:2:      layout_rooms, serial_co_window_serial, co_window_corner_a,
          co_window_of_opportunity_a, co_window_paths_a, co_window_paths_a,
          co_window_cross_1, co_window_corner_a, co_window_corner_a,
          co_window_2corner, co_window_unsneaky_path_e,
          co_window_unsneaky_path_d, co_window_corner_b, co_window_cross_4,
          co_window_paths_d, co_window_4corner_b, glass_columns_a,
          glass_columns_c, minivault_24, uniq_jessica
D:3:      layout_rooms, fedhas_altar_1, serial_shops,
          nicolae_shop_advertising_works [nicolae_subvault_shop_adworks]
D:4:      layout_basic, lemuel_crystal_altar, grunt_decor_one_mirror,
          minmay_starry_boxes
D:5:      layout_loops_cross
D:6:      layout_loops_corners, nicolae_ashenzari_skybound,
          mainiacjoe_overflow_cross_hatched, lemuel_blue_sif_altar,
          kennysheep_little_box, ebering_ghost_rock_garden, uniq_edmund
D:7:      layout_cave_pods, yredelemnul_forgotten_temple_becter,
          minmay_temple_entry_large_hall, enter_bailey_4, minivault_23,
          uniq_maggie, uniq_duvessa, uniq_crazy_yiuf_cottage,
          uniq_prince_ribbit1, uniq_pikel
D:8:      layout_loops_cross, erik_lair_island,
          minmay_fractal_squares_diagonal_5
Lair:1:   layout_chaotic_city, gauntlet_entry_generic,
          hangedman_lair_generics_rect, lemuel_fruit_tree, uniq_sonja

Skill      XL: |  1  2  3  4  5  6  7  8  9 10 |
---------------+-------------------------------+-----
Polearms       | 4 5 6 8 9 |  9.1
Fighting       | 4 5 6 7 8 |  8.9
Armour         | 3 4 5 6 7 8 |  8.5
Dodging        | 3 4 5 6 7 |  7.7
Staves         | 5 8 |  8.7

Action                   |  1- 3 |  4- 6 |  7- 9 | 10-12 || total
-------------------------+-------+-------+-------+-------++-------
Melee: Spear             |   105 |   141 |       |       ||   246
       Headbutt          |     7 |    30 |    43 |    16 ||    96
       Punch             |     1 |     1 |     1 |       ||     3
       Trident           |       |     7 |   229 |    67 ||   303
Throw: Dart              |       |       |       |     2 ||     2
       Boomerang         |       |       |       |     2 ||     2
Invok: Berserk           |     2 |     5 |     7 |     7 ||    21
       Trog's Hand       |     1 |     5 |     4 |     3 ||    13
  Use: Scroll            |       |     1 |       |       ||     1
 Stab: Sleeping          |     1 |       |       |       ||     1
Armor: Animal skin       |     7 |       |       |       ||     7
       Chain mail        |     2 |    54 |       |       ||    56
       Plate armour      |       |       |    85 |    28 ||   113
Dodge: Dodged            |    49 |    29 |    83 |    44 ||   205

Table legend: (Time is in decaauts)
 A = Elapsed time spent in this place.
 B = Non-inter-level travel time spent in this place.
 C = Inter-level travel time spent in this place.
 D = Time resting spent in this place.
 E = Time spent auto-exploring this place.
 F = Levels seen in this place.
 G = Mean time per level.
                   A        B        C        D        E       F      G
               +--------+--------+--------+--------+--------+-----+--------+
         Total |  12527 |  12218 |    309 |   4873 |   5447 |   9 | 1391.9 |
       Dungeon |  12509 |  12200 |    309 |   4873 |   5447 |   8 | 1563.6 |
          Lair |     17 |     17 |      0 |      0 |      0 |   1 |   17.0 |
               +--------+--------+--------+--------+--------+-----+--------+

Top non-repeatable levels by time:
     D:8: 4656 daAuts
     D:7: 1863 daAuts
     D:6: 1419 daAuts
     D:2: 1158 daAuts
     D:5: 1097 daAuts
     D:1: 1050 daAuts
     D:4: 790 daAuts
     D:3: 473 daAuts
  Lair:1: 17 daAuts
